 Dungeon Crawl Stone Soup version 0.29-a0-529-gfa20dd96a1 (webtiles) character file.

Game seed: 242279525863978434

3174 ultragoat the Basher (level 9, 0/78 HPs)
             Began as a Hill Orc Abyssal Knight on June 1, 2022.
             Was a High Priest of Lugonu.
             Slain by a five-headed hydra (1 damage)
             ... on level 1 of the Lair of Beasts on June 2, 2022.
             The game lasted 00:45:41 (11007 turns).

ultragoat the Basher (Hill Orc Abyssal Knight)     Turns: 11007, Time: 00:45:42

Health: 0/78       AC: 16    Str: 20    XL:     9   Next: 95%
Magic:  12/12      EV: 11    Int: 13    God:    Lugonu [*****.]
Gold:   15         SH: 11    Dex: 11    Spells: 8/8 levels left

rFire   . . .      SeeInvis +   h - +6 whip (venom)
rCold   + + .      Faith    +   j - +2 kite shield
rNeg    . . .      Spirit   .   E - +0 acid dragon scales
rPois   +          Reflect  .   D - +0 hat of Fashionability {rElec rC+ SInv}
rElec   +          Harm     .   (no cloak)
rCorr   +          Rampage  .   (no gloves)
Will    +....                   J - +0 pair of boots
Stlth   +.........              B - amulet "Wyhoopn" {Faith rPois}
HPRegen 0.23/turn               v - ring "Caretom" {rC+ Will+ AC+4 Int+3}
MPRegen 0.13/turn               z - +4 ring of protection

@: lethally poisoned (0 -> -4)
A: no striking features
a: Renounce Religion, Depart the Abyss, Bend Space, Banish, Corrupt, Enter the
Abyss


You were on level 1 of the Lair of Beasts.
You worshipped Lugonu.
Lugonu was extremely pleased with you.
You visited 2 branches of the dungeon, and saw 11 of its levels.
You visited the Abyss 2 times.
You also visited: Ossuary.

You collected 1102 gold pieces.
You spent 1087 gold pieces at shops.

Inventory:

Hand Weapons
 h - a +6 whip of venom (weapon)
Missiles
 e - a throwing net
Armour
 j - a +2 kite shield (worn)
 D - the +0 hat of Fashionability (worn) {rElec rC+ SInv}
   (You acquired it in an ossuary)

   rC:        It protects you from cold.
   rElec:     It insulates you from electricity.
   SInv:      It lets you see invisible.
 E - +0 acid dragon scales (worn)
 I - an orb of light
 J - a +0 pair of boots (worn)
Jewellery
 d - a ring of wizardry
 l - a ring of willpower
 s - a ring of protection from fire
 u - a +6 ring of intelligence
 v - the ring "Caretom" (left hand) {rC+ Will+ AC+4 Int+3}
   (You bought it in a shop on level 6 of the Dungeon)

   [ring of protection]

   AC:        It affects your AC (+4).
   Int:       It affects your intelligence (+3).
   rC:        It protects you from cold.
   Will:      It increases your willpower.
 w - an amulet of the acrobat
 z - a +4 ring of protection (right hand)
 B - the amulet "Wyhoopn" (around neck) {Faith rPois}
   (You found it on level 7 of the Dungeon)

   [amulet of faith]

   It allows you to gain divine favour quickly.
   rPois:     It protects you from poison.
Wands
 b - a wand of acid (3)
 c - a wand of paralysis (4)
Scrolls
 i - 3 scrolls of amnesia
 q - a scroll of identify
 y - 2 scrolls of blinking
 G - a scroll of fog
 H - a scroll of magic mapping
 K - 2 scrolls of summoning
Potions
 a - a potion of resistance
 f - 2 potions of mutation
 m - 2 potions of flight
 n - a potion of berserk rage {unknown}
 o - 2 potions of attraction
 p - 3 potions of heal wounds
 r - 2 potions of cancellation
 t - 6 potions of curing
 x - 3 potions of might
 C - a potion of haste {unknown}
 L - a potion of brilliance {unknown}


   Skills:
 + Level 6.6 Fighting
 - Level 5.1(8.1) Axes
 + Level 8.2(8.7) Maces & Flails
 + Level 4.9 Armour
 * Level 4.4 Dodging
 - Level 0.1 Stealth
 + Level 6.3 Shields
 + Level 4.5 Invocations
 + Level 1.5 Evocations


You had 8 spell levels left.
You didn't know any spells.
Your spell library contained the following spells:

 Spells                   Type           Power      Damage    Failure   Level
 Magic Dart               Conj           0%         1d3       71%         1
 Searing Ray              Conj           0%         2d4       85%         2
 Sublimation of Blood     Necr           0%         N/A       85%         2
 Wereblood                Tmut           0%         N/A       85%         2
 Ozocubu's Armour         Ice            0%         N/A       97%         3
 Fulminant Prism          Conj/Hex       0%         3d6       100%        4
 Ozocubu's Refrigeration  Ice            0%         4d5       100%        7
 Summon Hydra             Summ           0%         N/A       100%        7


Dungeon Overview and Level Annotations

Branches:
Dungeon (10/15)            Temple (0/1) D:4            Lair (1/6) D:9
    Orc (0/2) D:10        Ossuary (visited)

Altars:
Ashenzari
Elyvilon
Fedhas
Gozag
Hepliaklqana
Ru
Uskayaw
Xom
Yredelemnul

Shops:
D:6 ??=*(   D:9 *

Annotations:
D:2 Sigmund
D:7 Joseph


Message History

You feel sick.
The black mamba bites you but does no damage.
You feel sick.
You feel sick. You block the black mamba's attack.
You feel sick.
The black mamba bites you but does no damage.
The black mamba attacks as you move away!
You block the black mamba's attack.
You feel sick. The black mamba bites you.
* * * LOW HITPOINT WARNING * * *
You feel sick.
You are no longer poisoned.
The black mamba bites you.
* * * LOW HITPOINT WARNING * * *
You are poisoned.
The black mamba poisons you!
The black mamba attacks as you move away!
You block the black mamba's attack.
You feel very sick.
As you read the scroll of teleportation, it crumbles to dust.
You feel strangely unstable.
You feel very sick. You block the black mamba's attack. x2
Unknown command.
As you read the scroll of teleportation, it crumbles to dust.
You feel strangely stable.
You feel sick. The black mamba bites you.
* * * LOW HITPOINT WARNING * * *
The black mamba bites you!
* * * LOW HITPOINT WARNING * * *
Unknown command.
The black mamba attacks as you move away!
You block the black mamba's attack.
* * * LOW HITPOINT WARNING * * *
You feel sick. You block the black mamba's attack.
The five-headed hydra barely misses you.
The five-headed hydra bites you.
* * * LOW HITPOINT WARNING * * *
The five-headed hydra bites you but does no damage.
The five-headed hydra barely misses you.
The five-headed hydra bites you.
You die...

##..#########
..<#^.##.#..##
........#....##
.......#...#..###
.P.#..####..)...#
####.## ###....##
#(. ##....## #..#
###...## #..#
##@..## #..#
#SD..## ##....##
##..!.###
##.#...# ##....##
##....# ##...#
#...#


You could see a five-headed hydra and a black mamba.

Vanquished Creatures
  A cane toad (Lair:1)
  A wraith (D:10)
  A steam dragon (D:8)
  Duvessa (D:7)
  An acid dragon (D:7)
  A water moccasin (D:9)
  An ice beast (D:5)
  2 black bears
  2 centaurs (D:9)
  2 kobold brigands (D:8)
  Blork the orc (D:6)
  2 necrophages
  2 scorpions (D:5)
  4 water moccasin zombies (Ossuary)
  4 wights (D:9)
  Dowan (D:7)
  6 killer bees (D:9)
  A hound (D:5)
  A jelly (D:6)
  A gnoll shaman (D:6)
  An orc priest (D:6)
  Jessica (D:2)
  4 iguanas
  5 orc wizards
  Natasha (thrice) (D:3)
  3 mummies
  3 gnolls (D:6)
  An adder (D:2)
  2 shadow imps (D:7)
  2 white imps (D:5)
  An ufetubus (D:5)
  4 adder zombies (Ossuary)
  2 worms (D:3)
  2 dart slugs
  12 orcs
  2 endoplasms (D:3)
  2 giant cockroaches
  4 goblins
  5 hobgoblins
  2 jackals (D:5)
  4 quokkas
  5 ball pythons
  6 bats
  6 frilled lizards
  6 gnoll zombies (Ossuary)
  5 hobgoblin zombies (Ossuary)
  14 kobolds
  5 kobold zombies (Ossuary)
  5 orc zombies (Ossuary)
  6 rats
159 creatures vanquished.

Vanquished Creatures (collateral kills)
  A jackal (D:5)
1 creature vanquished.

Grand Total: 160 creatures vanquished

Notes
Turn   | Place    | Note
-------+----------+-------------------------------------------
     0 | Abyss:1  | ultragoat the Hill Orc Abyssal Knight began the quest for
                  | the Orb.
     0 | Abyss:1  | Reached XP level 1. HP: 19/19 MP: 2/2
    14 | D:1      | Escaped the Abyss
   338 | D:1      | Found a faded altar of an unknown god.
   424 | D:1      | Reached XP level 2. HP: 19/27 MP: 3/3
  1316 | D:2      | Noticed Sigmund
  1376 | D:2      | Found a shimmering altar of Xom.
  1515 | D:2      | Reached skill level 1 in Dodging
  1515 | D:2      | Reached XP level 3. HP: 33/33 MP: 4/4
  1899 | D:2      | Noticed Jessica
  1914 | D:2      | Killed Jessica
  1915 | D:2      | Reached XP level 4. HP: 15/40 MP: 5/5
  2192 | D:3      | Reached *** piety under Lugonu
  2404 | D:3      | Noticed Natasha
  2424 | D:3      | Killed Natasha
  2469 | D:3      | Noticed Natasha
  2520 | D:3      | Found a basalt altar of Yredelemnul.
  2686 | D:3      | Killed Natasha
  2687 | D:3      | Reached skill level 1 in Maces & Flails
  2687 | D:3      | Reached XP level 5. HP: 39/46 MP: 6/6
  2696 | D:3      | Noticed Natasha
  2704 | D:3      | Killed Natasha
  2705 | D:3      | Reached skill level 5 in Axes
  2705 | D:3      | Reached skill level 1 in Shields
  3365 | D:4      | Found a staircase to the Ecumenical Temple.
  3492 | D:4      | Found a hide-covered altar of Uskayaw.
  3501 | D:4      | Found a blossoming altar of Fedhas.
  3532 | D:4      | Found a white marble altar of Elyvilon.
  3644 | D:4      | Noticed a kobold brigand
  3819 | D:4      | Found a broken altar of Ashenzari.
  4167 | D:5      | Entered Level 5 of the Dungeon
  4261 | D:5      | Reached skill level 2 in Maces & Flails
  4261 | D:5      | Reached XP level 6. HP: 53/53 MP: 7/7
  4419 | D:5      | Reached skill level 3 in Maces & Flails
  4537 | D:5      | Found a hazy altar of Hepliaklqana.
  4562 | D:5      | Noticed an ice beast
  4575 | D:5      | Killed an ice beast
  4576 | D:5      | Reached skill level 4 in Maces & Flails
  4595 | D:5      | Reached XP level 7. HP: 42/60 MP: 8/8
  5465 | D:6      | Found Jodeug's Magic Scroll Shoppe.
  5470 | D:6      | Bought a scroll of enchant weapon for 97 gold pieces
  5613 | D:6      | Found Veces's Magic Scroll Shoppe.
  5630 | D:6      | Bought a scroll of enchant weapon for 82 gold pieces
  5697 | D:6      | Reached skill level 5 in Maces & Flails
  5701 | D:6      | Found Gieff's Jewellery Boutique.
  5743 | D:6      | Reached skill level 5 in Fighting
  5880 | D:6      | Found Iblek's General Store.
  5889 | D:6      | Found Arghurph's Antique Weapon Boutique.
  5899 | D:6      | Reached skill level 1 in Evocations
  5899 | D:6      | Reached XP level 8. HP: 68/68 MP: 9/9
  5899 | D:6      | Noticed Blork the orc
  5905 | D:6      | Killed Blork the orc
  6013 | D:6      | Bought a scroll of teleportation for 42 gold pieces
  6035 | D:6      | Reached **** piety under Lugonu
  6584 | D:7      | Noticed Joseph
  6621 | D:6      | Upgraded the game from 0.29-a0-520-gc852659d43 to
                  | 0.29-a0-529-gfa20dd96a1
  6638 | D:7      | Identified the amulet "Wyhoopn" {Faith rPois}
  6653 | D:7      | Noticed Duvessa
  6654 | D:7      | Noticed Dowan
  6670 | D:7      | Killed Duvessa
  6674 | D:7      | Killed Dowan
  6756 | D:7      | Found an opulent altar of Gozag.
  6775 | D:7      | Found a sacrificial altar of Ru.
  6803 | D:7      | Reached skill level 6 in Maces & Flails
  7103 | D:7      | Found a sand-covered staircase.
  7113 | Ossuary  | Entered an ossuary
  7192 | Ossuary  | Reached skill level 7 in Maces & Flails
  7247 | Ossuary  | Reached ***** piety under Lugonu
  7284 | Ossuary  | Reached XP level 9. HP: 67/75 MP: 10/10
  7360 | Ossuary  | Identified a scroll of acquirement
  7363 | Ossuary  | Acquired the +0 hat of Fashionability {rElec rC+ SInv}
  7623 | D:7      | Cast into level 1 of the Abyss (Joseph)
  7666 | D:7      | Escaped the Abyss
  7977 | D:8      | Reached skill level 5 in Shields
  8877 | D:9      | Acquired 511 gold pieces
  8889 | D:9      | Found a staircase to the Lair.
  9088 | D:9      | Paralysed by a centaur for 3 turns
  9094 | D:9      | Paralysed by a centaur for 5 turns
  9178 | D:6      | Bought the ring "Caretom" {rC+ Will+ AC+4 Int+3} for 866
                  | gold pieces
 10079 | D:9      | Found Takek's Overcharged Wands.
 10288 | D:10     | Entered Level 10 of the Dungeon
 10321 | D:10     | Found a staircase to the Orcish Mines.
 10343 | D:10     | Noticed a two-headed ogre
 10663 | Lair:1   | Entered Level 1 of the Lair of Beasts
 10679 | Lair:1   | Noticed a cane toad
 10704 | D:9      | Reached skill level 8 in Maces & Flails
 10857 | Lair:1   | Killed a cane toad
 10988 | Lair:1   | Noticed a black mamba
 10990 | Lair:1   | Noticed a five-headed hydra
 11006 | Lair:1   | HP: 3/78 [black mamba (9)]
 11007 | Lair:1   | HP: 1/78 [five-headed hydra (1)]
 11007 | Lair:1   | Slain by a five-headed hydra

Illustrated notes

Levels and vault maps discovered:
D:1:      matt_arrival_los_fun, layout_loops_ring, shapermc_ecumenical_altar_gd,
          minmay_misc_feat_ornament
D:2:      layout_loops_cross, basic_altar, uniq_sigmund,
          uniq_crazy_yiuf_cottage, uniq_jessica
D:3:      layout_basic, yredelemnul_altar_generic, uniq_natasha
D:4:      layout_basic, nicolae_elyvilon_peaceful_grove,
          mainiacjoe_overflow_large_starburst, mainiacjoe_overflow_boulevard,
          minmay_temple_entry_wispy, lightli_corner_chamber
D:5:      layout_loops_ring, overflow_temple_1_default
D:6:      layout_basic, serial_shops, shop, shop, nicolae_shop_behind_doors,
          nicolae_shop_waterfront, nicolae_shop_stone, uniq_blork_the_orc
D:7:      layout_loops_cross, nicolae_ru_great_annihilating_truth,
          old_standard_altar, gup_ossuary_entry_pyramid, uniq_duvessa,
          uniq_joseph
D:8:      layout_rooms, serial_glass, glass_columns_a, glass_columns_a,
          due_unseen_surprise, item_on_display_a, minmay_strange_pillars
D:9:      layout_loops_ring, lair_entry_dummy, nicolae_shop_overcharged_wands
D:10:     layout_basic, orc_0_dummy
Lair:1:   layout_concentric_octagons, worms_lemuel

Skill      XL: |  1  2  3  4  5  6  7  8  9 |
---------------+----------------------------+-----
Axes           | 3 4 5 |  5.1
Dodging        | 1 2 3 4 |  4.4
Fighting       | 4 5 6 |  6.6
Maces & Flails | 1 2 4 5 7 8 |  8.2
Shields        | 1 2 3 4 6 |  6.3
Armour         | 3 4 |  4.9
Evocations     | 1 |  1.5
Invocations    | 4 |  4.5
Stealth        | |  0.1

Action                   |  1- 3 |  4- 6 |  7- 9 || total
-------------------------+-------+-------+-------++-------
Melee: Hand axe          |    57 |       |       ||    57
       War axe           |    15 |       |       ||    15
       Whip              |    22 |   123 |   448 ||   593
Invok: Depart the Abyss  |       |       |     1 ||     1
Evoke: Wand              |       |       |     4 ||     4
  Use: Scroll            |     4 |     9 |    21 ||    34
       Potion            |     1 |       |     2 ||     3
 Stab: Sleeping          |     2 |     1 |       ||     3
       Paralysed         |       |       |     1 ||     1
Armor: Leather armour    |    18 |       |       ||    18
       Steam dragon scal |    17 |    40 |    36 ||    93
       Acid dragon scale |       |       |    95 ||    95
Dodge: Dodged            |    54 |    50 |   139 ||   243
Block: Kite shield       |    11 |    32 |   182 ||   225

Table legend: (Time is in decaauts)
 A = Elapsed time spent in this place.
 B = Non-inter-level travel time spent in this place.
 C = Inter-level travel time spent in this place.
 D = Time resting spent in this place.
 E = Time spent auto-exploring this place.
 F = Levels seen in this place.
 G = Mean time per level.
                   A        B        C        D        E       F      G
               +--------+--------+--------+--------+--------+-----+--------+
         Total |  11004 |  10392 |    612 |   2550 |   3773 |  14 |  786.0 |
       Dungeon |  10436 |   9825 |    611 |   2438 |   3773 |  10 | 1043.6 |
          Lair |    189 |    189 |      0 |     97 |      0 |   1 |  189.0 |
         Abyss |     54 |     54 |      0 |     15 |      0 |   2 |   27.0 |
       Ossuary |    323 |    323 |      0 |      0 |      0 |   1 |  323.0 |
               +--------+--------+--------+--------+--------+-----+--------+

Top non-repeatable levels by time:
     D:9: 1532 daAuts
     D:1: 1411 daAuts
     D:5: 1301 daAuts
     D:6: 1198 daAuts
     D:3: 1050 daAuts
     D:7: 986 daAuts
     D:8: 912 daAuts
     D:4: 911 daAuts
     D:2: 809 daAuts
 Ossuary: 323 daAuts
    D:10: 321 daAuts
  Lair:1: 189 daAuts
 Abyss:1: 54 daAuts
